 Dungeon Crawl Stone Soup version 0.27-a0-1196-g3e9cee4cb2 (webtiles) character file.

Game seed: 10903871190290226335

63 Glokmah the Ruffian (level 3, -1/29 HPs)
             Began as a Draconian Transmuter on May 29, 2021.
             Was a Follower of Vehumet.
             Slain by a gnoll
             ... wielding a +0 halberd
              (11 damage)
             ... on level 2 of the Dungeon.
             The game lasted 00:03:19 (1849 turns).

Glokmah the Ruffian (Draconian Transmuter)          Turns: 1849, Time: 00:03:19

Health: -1/29      AC:  5    Str: 12    XL:     3   Next: 89%
Magic:  0/6        EV: 12    Int: 14    God:    Vehumet [*.....]
Gold:   35         SH:  0    Dex: 11    Spells: 2/6 levels left

rFire    . . .     SeeInvis .     - Unarmed
rCold    . . .     Faith    .   (no shield)
rNeg     . . .     Spirit   .   (armour unavailable)
rPois    .         Reflect  .   (helmet currently unavailable)
rElec    .         Harm     .   (no cloak)
rCorr    .         Rampage  .   (no gloves)
Will     .....                  (boots currently unavailable)
Stlth    +.........             (no amulet)
HPRegen  0.09/turn              (no ring)
MPRegen  0.10/turn              (no ring)

@: appendages, wereblooded
A: horns 2, talons 2, AC +5, unfitting armour, cold-blooded
a: End Transformation, Renounce Religion


You were on level 2 of the Dungeon.
You worshipped Vehumet.
Vehumet was aware of your devotion.
You had temporarily grown beastly horns and talons.
You visited 1 branch of the dungeon, and saw 2 of its levels.

You collected 35 gold pieces.

Inventory:

Missiles
 c - 5 boomerangs
Scrolls
 a - a scroll of magic mapping {unknown}
 g - a scroll of identify {unknown}
Potions
 b - a potion of might {unknown}
 d - 2 potions of degeneration {unknown}
 e - a potion of haste {unknown}
 f - a potion of invisibility {unknown}


   Skills:
 + Level 1.9 Fighting
 - Level 1.7 Dodging
 - Level 3.3 Unarmed Combat
 + Level 2.4 Spellcasting
 * Level 1.0 Conjurations
 - Level 2.5 Transmutations
 * Level 1.1 Fire Magic


You had 2 spell levels left.
You knew the following spells:

 Your Spells              Type           Power      Damage    Failure   Level
a - Foxfire               Conj/Fire      16%        2x1d4     14%         1
b - Wereblood             Tmut           8%         N/A       12%         2
c - Beastly Appendage     Tmut           16%        N/A       8%          1

Your spell library contained the following spells:

 Spells                   Type           Power      Damage    Failure   Level
 Spider Form              Tmut/Pois      2%         N/A       38%         3
 Ice Form                 Ice/Tmut       5%         N/A       80%         4
 Hydra Form               Tmut           4%         N/A       91%         5


Dungeon Overview and Level Annotations

Branches:
Dungeon (2/15)

Altars:
Vehumet


Innate Abilities, Weirdness & Mutations

You have temporarily grown beastly horns and talons.
Your plain brown scales are hard. (AC +5)
You cannot fit into any form of body armour.
You are cold-blooded and may be slowed by cold attacks.


Message History

The foxfire hits the gnoll.
The gnoll is moderately wounded.
Casting: Foxfire (safe; 16% risk of failure)
Confirm with . or Enter, or press ? or * to list all spells.
You conjure some foxfire!
The foxfire hits the gnoll.
The gnoll is heavily wounded.
The foxfire hits the gnoll.
The gnoll is almost dead.
The gnoll hits you with a +0 club.
The foxfire hits the gnoll but does no damage.
The gnoll is almost dead.
The foxfire hits the gnoll.
The gnoll is almost dead.
You see here a +0 club.
Casting: Foxfire (safe; 16% risk of failure)
Confirm with . or Enter, or press ? or * to list all spells.
Your blood is infused with primal strength.
The gnoll hits you with a +0 club.
Casting: Wereblood (safe; 12% risk of failure)
Confirm with . or Enter, or press ? or * to list all spells.
You grow a pair of large bovine horns.
Your feet morph into talons.
The gnoll hits you from afar with a +0 halberd.
The gnoll hits you with a +0 club!
You hit the gnoll.
You kill the gnoll!
Vehumet accepts your kill.
You howl as the wereblood boils in your veins!
The gnoll closely misses you.
Your Conjurations skill increases to level 1!
You hit the goblin.
The goblin is moderately wounded.
The gnoll closely misses you. The goblin hits you with a +0 dagger.
You closely miss the goblin. Your kick misses the goblin.
Your headbutt misses the goblin.
The goblin is moderately wounded.
The gnoll misses you. The goblin hits you but does no damage.
You miss the goblin.
The goblin is moderately wounded.
The gnoll hits you from afar with a +0 halberd!
You die...

##.####.#>###.#
##.####.##
###.......#.# #.#
#........####
............# #.#
#..##........
###...####### #.#
#..##.#..#### ##.##
#.## #..##.#..# #.#
#..## #..##.#..# #.#
#.g.# #........# #'#
##g## #####.##### ..
#@# #........#
####.#####.##.###.#
#.......##.##.#
####....##.##.##.#...
+....................
####....##.##.####...
#...###.##.#
#.......##..
###.#########


You could see a gnoll and a goblin.

Vanquished Creatures
  3 gnolls (D:2)
  2 ball pythons (D:1)
  4 bats (D:1)
  3 giant cockroaches
  6 goblins
  2 hobgoblins (D:1)
  5 kobolds
  3 quokkas
  A frilled lizard (D:1)
  2 rats
31 creatures vanquished.

Vanquished Creatures (others)
  25 foxfires (D:2)
25 creatures vanquished.

Grand Total: 56 creatures vanquished

Notes
Turn   | Place    | Note
-------+----------+-------------------------------------------
     0 | D:1      | Glokmah the Draconian Transmuter began the quest for the
                  | Orb.
     0 | D:1      | Reached XP level 1. HP: 16/16 MP: 3/3
   117 | D:1      | Reached XP level 2. HP: 16/23 MP: 3/5
   285 | D:1      | Learned a level 2 spell: Wereblood
  1093 | D:1      | Found a faded altar of an unknown god.
  1101 | D:1      | Became a worshipper of Vehumet
  1101 | D:1      | Reached * piety under Vehumet
  1101 | D:1      | Offered knowledge of Foxfire by Vehumet.
  1105 | D:1      | Learned a level 1 spell: Foxfire
  1488 | D:2      | Reached XP level 3. HP: 28/28 MP: 3/6
  1811 | D:2      | Reached skill level 1 in Fire Magic
  1847 | D:2      | Reached skill level 1 in Conjurations
  1849 | D:2      | Slain by a gnoll

Illustrated notes

Levels and vault maps discovered:
D:1:      minmay_arrival_three_doors, layout_loops_corners,
          chequers_ecumenical_altar_island
D:2:      layout_loops_corners

Skill      XL: |  1  2  3 |
---------------+----------+-----
Fire Magic     | 1 |  1.1
Conjurations   | 1 |  1.0
Fighting       | |  1.9
Dodging        | |  1.7
Unarmed Combat | |  3.3
Spellcasting   | |  2.4
Transmutations | |  2.5

Action                   || total
-------------------------++-------
Melee: Unarmed           ||    74
       Headbutt          ||     5
       Tailslap          ||     7
       Kick              ||     2
 Cast: Beastly Appendage ||    13
       Foxfire           ||    14
       Wereblood         ||     2
Armor: Skin              ||    15
Dodge: Dodged            ||    67

Table legend: (Time is in decaauts)
 A = Elapsed time spent in this place.
 B = Non-inter-level travel time spent in this place.
 C = Inter-level travel time spent in this place.
 D = Time resting spent in this place.
 E = Time spent auto-exploring this place.
 F = Levels seen in this place.
 G = Mean time per level.
                   A        B        C        D        E       F      G
               +--------+--------+--------+--------+--------+-----+--------+
         Total |   1851 |   1685 |    166 |      0 |   1348 |   2 |  925.5 |
       Dungeon |   1851 |   1685 |    166 |      0 |   1348 |   2 |  925.5 |
               +--------+--------+--------+--------+--------+-----+--------+

Top non-repeatable levels by time:
     D:1: 1447 daAuts
     D:2: 404 daAuts
